 Dungeon Crawl Stone Soup version 0.26.0-18-gc5c842f807 (webtiles) character file.

Game seed: 18257636547271018697

2900 Gnirx the Geomancer (level 9, -4/45 HPs)
             Began as a Gargoyle Earth Elementalist on Jan 22, 2021.
             Was a Believer of Sif Muna.
             Slain by a wyvern (5 damage)
             ... on level 11 of the Dungeon.
             The game lasted 00:31:58 (7777 turns).

Gnirx the Geomancer (Gargoyle Earth Elementalist)   Turns: 7777, Time: 00:32:00

Health: -4/45      AC:  9    Str: 11    XL:     9   Next: 78%
Magic:  8/21       EV: 12    Int: 20    God:    Sif Muna [**....]
Gold:   54         SH:  0    Dex: 10    Spells: 8/24 levels left

rFire    + . .     SeeInvis .   I - staff of earth
rCold    . . .     Faith    .   (no shield)
rNeg     + . .     Spirit   .   G - +1 robe {rF+}
rPois    ∞         Reflect  .   (no helmet)
rElec    +         Harm     .   (no cloak)
rCorr    .         Rampage  .   (no gloves)
Will     .....                  (no boots)
Stlth    ++........             (no amulet)
HPRegen  0.15/turn              k - ring of wizardry
MPRegen  0.17/turn              (no ring)

@: no status effects
A: negative energy resistance 1, electricity resistance, unbreathing,
petrification resistance, miasma immunity, AC +6
a: Renounce Religion, Channel Magic


You were on level 11 of the Dungeon.
You worshipped Sif Muna.
Sif Muna was pleased with you.
You visited 1 branch of the dungeon, and saw 9 of its levels.

You collected 304 gold pieces.
You spent 250 gold pieces at shops.

Inventory:

Hand Weapons
 a - a +0 flail of holy wrath
 g - a +0 dagger
 j - a +2 dagger of venom
 s - a +0 mace
 x - a +0 shortbow
Missiles
 b - 129 stones
 y - 50 arrows
Armour
 c - a +0 robe
 z - a +0 kite shield
 G - a +1 robe of fire resistance (worn)
Magical Staves
 I - an uncursed staff of earth (weapon)
Jewellery
 k - a ring of wizardry (left hand)
 w - a cursed amulet of inaccuracy
 A - a +4 ring of protection {unknown}
 C - an uncursed ring of fire {unknown}
 F - an uncursed ring of positive energy
Wands
 o - a wand of iceblast (20)
Scrolls
 p - 3 scrolls of enchant weapon
 r - 2 scrolls of fear
 B - 2 scrolls of magic mapping
 D - 2 scrolls of amnesia
 E - a scroll of identify
 H - a scroll of remove curse
 J - a scroll of blinking
Potions
 d - a potion of invisibility
 e - 2 potions of attraction {unknown}
 f - 2 potions of lignification
 h - 2 potions of might {unknown}
 i - a potion of brilliance {unknown}
 l - a potion of resistance {unknown}
 m - a potion of degeneration {unknown}
 n - 2 potions of berserk rage {unknown}
 q - a potion of magic {unknown}
 t - 2 potions of curing
 u - a potion of heal wounds
 v - a potion of haste {unknown}


   Skills:
 + Level 0.1 Fighting
 - Level 0.3 Maces & Flails
 + Level 2.6 Dodging
 + Level 3.3 Stealth
 * Level 8.2 Spellcasting
 * Level 3.6 Conjurations
 + Level 0.7 Transmutations
 * Level 10.8 Earth Magic


You had 8 spell levels left.
You knew the following spells:

 Your Spells              Type           Power        Failure   Level
a - Sandblast             Erth           100%         1%          1
b - Passwall              Tmut/Erth      38%          1%          2
c - Stone Arrow           Conj/Erth      100%         1%          3
d - Lee's Rapid Deconstr  Erth           33%          1%          5
e - Magic Dart            Conj           88%          1%          1
f - Petrify               Tmut/Erth      46%          3%          4

Your spell library contained the following spells:

 Spells                   Type           Power        Failure   Level


Dungeon Overview and Level Annotations

Branches:
Dungeon (11/15)            Temple (0/1) D:4
   Lair: D:8-11         Orc: D:9-12

Altars:
Elyvilon
Gozag
Kikubaaqudgha
Okawaru
Sif Muna
Trog
Vehumet
Zin

Shops:
D:5 *

Portals:
Abyss: D:6

Annotations:
D:3 Sigmund
D:6 2 transporters, mojasp's ghost, novice DsNe
D:10 1 exclusion


Innate Abilities, Weirdness & Mutations

You are resistant to torment.
Your stone body is resilient. (AC +6)
You are immune to poison.
You resist negative energy. (rN+)
You are resistant to electric shocks. (rElec)
You can survive without breathing.
You are immune to petrification.
You are immune to miasma.


Message History

b - 129 stones The wyvern hisses angrily.
The bullfrog skeleton closely misses you.
You hit the bullfrog skeleton.
You shatter the bullfrog skeleton!
You destroy the bullfrog skeleton!
Sif Muna accepts your kill. The wyvern bites you!
* * * LOW HITPOINT WARNING * * *
It was a potion of heal wounds.
You feel much better. The wyvern bites you.
* * * LOW HITPOINT WARNING * * *
The wyvern closely misses you. The wyvern bites you!
* * * LOW HITPOINT WARNING * * *
Aiming: Stone Arrow (safe; 1% risk of failure)
Press: ? - help, Q - select action, (/) - cycle Shift-Dir - straight line, f - wyvern
Aim: a wyvern (22% to evade)
You feel a surge of power!
The stone arrow hits the wyvern!!
The wyvern is severely wounded.
The wyvern closely misses you. The wyvern bites you.
You die...

#.. #.. #..
#.. # #.. .#
#.. ..###
#..###......
#...@l......
############


You could see a wyvern.

Vanquished Creatures
  A troll (D:10)
  Eustachio (D:6)
  3 yaks (D:10)
  An orc warrior (D:6)
  2 phantoms (D:4)
  An ice beast (D:5)
  A necrophage (D:5)
  2 centaurs
  An ogre (D:4)
  A big kobold (D:10)
  Blork the orc (D:6)
  A bullfrog (D:7)
  2 gnoll sergeants (D:6)
  A scorpion (D:10)
  3 howler monkeys
  4 wights
  A bullfrog zombie (D:6)
  A hound (D:5)
  3 orc priests
  2 bullfrog skeletons
  A centaur skeleton (D:5)
  3 orc wizards
  3 iguanas
  6 worker ants
  5 gnolls
  8 adders
  A river rat (D:4)
  2 white imps
  An ufetubus (D:5)
  An ooze (D:4)
  An adder skeleton (D:4)
  2 worms
  A dart slug (D:1)
  9 leopard geckos
  10 orcs
  4 ball pythons
  9 bats
  5 giant cockroaches
  6 goblins
  8 hobgoblins
  8 kobolds
  2 frilled lizards
  A leopard gecko zombie (D:5)
  9 rats
139 creatures vanquished.

Notes
Turn   | Place    | Note
-------+----------+-------------------------------------------
     0 | D:1      | Gnirx the Gargoyle Earth Elementalist began the quest for
                  | the Orb.
     0 | D:1      | Reached XP level 1. HP: 10/10 MP: 3/3
   217 | D:1      | Reached skill level 4 in Earth Magic
   217 | D:1      | Reached XP level 2. HP: 15/15 MP: 0/5
   704 | D:1      | Learned a level 2 spell: Passwall
   737 | D:1      | Reached XP level 3. HP: 19/19 MP: 3/6
  1418 | D:2      | Reached XP level 4. HP: 21/24 MP: 2/8
  1627 | D:2      | Reached skill level 5 in Earth Magic
  2278 | D:3      | Reached XP level 5. HP: 26/28 MP: 2/10
  2421 | D:3      | Learned a level 3 spell: Stone Arrow
  2435 | D:3      | Found a radiant altar of Vehumet.
  2482 | D:3      | Identified Vehumet's Volume of Arcane Weapons
  2487 | D:3      | Found an ancient bone altar of Kikubaaqudgha.
  2488 | D:3      | Found a shimmering blue altar of Sif Muna.
  2493 | D:3      | Became a worshipper of Sif Muna the Loreminder
  2553 | D:3      | Noticed Sigmund
  2579 | D:4      | Noticed a phantom
  2585 | D:4      | Killed a phantom
  2693 | D:4      | Reached skill level 6 in Earth Magic
  2693 | D:4      | Reached XP level 6. HP: 32/32 MP: 3/12
  2763 | D:4      | Noticed a phantom
  2772 | D:4      | Killed a phantom
  2873 | D:4      | Found a staircase to the Ecumenical Temple.
  3194 | D:4      | Reached XP level 7. HP: 30/36 MP: 10/14
  3293 | D:4      | Reached skill level 5 in Spellcasting
  3293 | D:4      | Reached skill level 7 in Earth Magic
  3388 | D:4      | Learned a level 5 spell: Lee's Rapid Deconstruction
  3479 | D:4      | Found a white marble altar of Elyvilon.
  3762 | D:4      | Found an opulent altar of Gozag.
  4030 | D:5      | Entered Level 5 of the Dungeon
  4140 | D:5      | Reached * piety under Sif Muna
  4156 | D:5      | Found Untex's General Store.
  4281 | D:5      | Reached skill level 8 in Earth Magic
  4293 | D:5      | Reached XP level 8. HP: 41/41 MP: 10/16
  4800 | D:6      | Found a glowing silver altar of Zin.
  4923 | D:6      | Noticed Eustachio
  5208 | D:6      | Reached skill level 9 in Earth Magic
  5443 | D:6      | Found a bloodstained altar of Trog.
  5443 | D:6      | Found an iron altar of Okawaru.
  5472 | D:6      | Learned a level 1 spell: Magic Dart
  5705 | D:6      | Found a one-way gate to the infinite horrors of the Abyss.
  5705 | D:6      | Noticed mojasp's ghost (novice DsNe)
  5705 | D:6      | Noticed a toenail golem
  5705 | D:6      | Identified the +4 trident "Coycwiel" {distort, rF+ Str+4}
  5709 | D:6      | Found a transporter.
  5710 | D:6      | Found the +8 demon trident "Rift" {distort, reach+}
  5710 | D:6      | Found a transporter.
  5849 | D:6      | Noticed Blork the orc
  5880 | D:6      | Killed Blork the orc
  6126 | D:6      | Reached skill level 1 in Conjurations
  6688 | D:6      | Killed Eustachio
  6689 | D:6      | Reached skill level 10 in Earth Magic
  6689 | D:6      | Reached XP level 9. HP: 45/45 MP: 1/19
  6809 | D:6      | Learned a level 4 spell: Petrify
  6863 | D:5      | Bought an uncursed staff of earth for 250 gold pieces
  7006 | D:7      | You fall into a shaft and drop 3 floors!
  7006 | D:10     | Entered Level 10 of the Dungeon
  7308 | D:10     | Noticed a troll
  7330 | D:10     | Reached ** piety under Sif Muna
  7334 | D:10     | Killed a troll
  7735 | D:10     | Noticed a komodo dragon
  7776 | D:11     | HP: 1/45 [wyvern (12)]
  7777 | D:11     | Slain by a wyvern

Illustrated notes

Levels and vault maps discovered:
D:1:      nicolae_arrival_washed_ashore, layout_basic
D:2:      layout_basic
D:3:      layout_basic, grunt_temple_overflow_magic_moments,
          corexii_corridor_pit, uniq_sigmund
D:4:      layout_loops_corners, kennysheep_little_box, elyvilon_altar_1,
          minmay_temple_entry_glassed_door, portal_sewer_entry_c,
          minmay_distorted
D:5:      layout_cave_pools, serial_shops, shop
D:6:      layout_basic, grunt_temple_overflow_bloody_war, basic_altar,
          gammafunk_ghost_abyssal_escape, sword_in_stone
D:7:      layout_loops_ring, grunt_qazlal_clouds, minivault_4
D:10:     layout_layer_cave
D:11:     layout_long_grid

Skill      XL: |  1  2  3  4  5  6  7  8  9 |
---------------+----------------------------+-----
Earth Magic    | 4 5 6 8 10 | 10.8
Spellcasting   | 3 4 5 7 8 |  8.2
Stealth        | 3 |  3.3
Conjurations   | 1 3 |  3.6
Dodging        | 2 |  2.6
Fighting       | |  0.1
Maces & Flails | |  0.3
Transmutations | |  0.7

Action                   |  1- 3 |  4- 6 |  7- 9 || total
-------------------------+-------+-------+-------++-------
Melee: Mace              |       |     3 |       ||     3
       Flail             |       |       |    11 ||    11
       Staff             |       |       |     5 ||     5
 Cast: Sandblast         |    47 |    66 |    81 ||   194
       Lee's Rapid Decon |       |       |     4 ||     4
       Stone Arrow       |       |       |    66 ||    66
       Magic Dart        |       |       |     5 ||     5
       Passwall          |       |       |     1 ||     1
Invok: Channel Magic     |       |       |     1 ||     1
  Use: Scroll            |     2 |     2 |     9 ||    13
       Potion            |       |       |     1 ||     1
Armor: Robe              |     5 |     7 |    61 ||    73
Dodge: Dodged            |     7 |    16 |    86 ||   109
